AoeStats
← Matigrame

Arena

510914546Analyzed
2v2 RM · 18h ago on Oct 3, 2026· 45m 45s· 4 players
Game mode
Random Map
Map size
Medium (4 player)
Population
200
Speed
Normal
Resources
Standard
Victory
Conquest
Starting age
Dark Age
Ending age
Imperial Age
RankedLock teamsTeams togetherTeam positionsShared explorationLock speedFull tech treeHidden civsTurbo modeCheats
Victory
Defeat
🇲🇽 Japanese · Mexico
765
+18
🇺🇸 Teutons · United States
685
+22
🇨🇱 Khmer · Chile
807
-20
🇨🇱 Sicilians · Chile
806
-20
joelsc22
9:26 Feudal Age
10:01 Double-Bit Axe
11:05 Wheelbarrow
16:36 Castle Age
15:43 Stone Mining
18:12 Loom
24:30 Town Watch
27:40 Scale Mail Armor
32:03 Forging
32:08 Chain Mail Armor
35:13 Iron Casting
35:40 Gold Mining
38:54 Gold Shaft Mining
38:14 Horse Collar
41:47 Imperial Age
40:09 Fletching
41:25 Bodkin Arrow
41:52 Hand Cart
41:38 Town Patrol
42:03 Ballistics
41:39 Murder Holes
43:39 Blast Furnace
43:10 Plate Mail Armor
43:05 Conscription
43:59 Elite Samurai
47:00 Hoardings
Natearthur123
8:25 Loom
12:33 Feudal Age
16:40 Fletching
17:27 Horse Collar
41:47 Castle Age
kinepablo1
11:48 Feudal Age
15:44 Castle Age
16:39 Double-Bit Axe
17:05 Horse Collar
28:02 Murder Holes
28:28 Ballistics
Matigrame
14:22 Feudal Age
13:13 Loom
19:41 Castle Age
26:23 Fletching
36:43 Bodkin Arrow
37:53 Town Watch
Connection lost

Rejoining the realm…

Still unreachable

The connection could not be restored.

Session expired

The server has moved on; the page needs a fresh start.